 Dungeon Crawl Stone Soup version 0.30.1-11-g7821555f0a (webtiles) character file.

Game seed: 1301404328775405333

660 Nonny the Trooper (level 7, -1/56 HPs)
             Began as a Demonspawn Cinder Acolyte on Nov 18, 2023.
             Was a High Priest of Ignis.
             Slain by a gnoll
             ... wielding a +4 flail
              (8 damage)
             ... on level 5 of the Dungeon.
             The game lasted 00:21:07 (3459 turns).

Nonny the Trooper (Demonspawn Cinder Acolyte)       Turns: 3459, Time: 00:21:07

Health: -1/56      AC:  6    Str: 14    XL:     7   Next: 30%
Magic:  8/13       EV: 11    Int: 17    God:    Ignis [*****.]
Gold:   171        SH:  0    Dex: 13    Spells: 10/14 levels left

rFire   + + +        i - staff of fire
rCold   x . .        (no shield)
rNeg    + + .        v - +0 leather armour of Talataz {rN++ Slay+3}
rPois   .            B - +2 hat
rElec   .            (no cloak)
rCorr   .            h - +0 pair of gloves
SInv    .            (no boots)
Will    .....        w - amulet of magic regeneration
Stlth   +++          L - ring of fire
HPRegen 0.29/turn    G - ring of wizardry
MPRegen 0.53/turn

%: wizardry (x1)
@: lethally poisoned (-1 -> -4)
A: thin skeletal structure 2, demonic magic 1
a: Renounce Religion, Fiery Armour, Foxfire Swarm, Rising Flame


You were on level 5 of the Dungeon.
You worshipped Ignis.
Ignis was extremely pleased with you.
You visited 1 branch of the dungeon, and saw 5 of its levels.
You also visited: Sewer.

You collected 218 gold pieces.
You spent 47 gold pieces at shops.

Inventory:

Hand Weapons
 a - a -1 falchion of flaming
Missiles
 c - 3 datura-tipped darts (quivered)
 e - 2 poisoned darts
Armour
 h - a +0 pair of gloves (worn)
 v - the +0 leather armour of Talataz (worn) {rN++ Slay+3}
   (You found it on level 2 of the Dungeon)

   Slay:      It affects your accuracy & damage with ranged weapons and melee
   (+3).
   rN:        It greatly protects you from negative energy.
 z - a +1 leather armour of poison resistance
 A - +0 fire dragon scales
 B - a +2 hat (worn)
Magical Staves
 i - a staff of fire (weapon)
 M - a staff of earth
Jewellery
 d - a ring of protection from fire
 o - a +6 ring of strength
 w - an amulet of magic regeneration (around neck)
 G - a ring of wizardry (right hand)
 L - a ring of fire (left hand)
Wands
 H - a wand of mindburst (14)
 N - a wand of roots (11)
Scrolls
 b - 2 scrolls of enchant armour {unknown}
 f - a scroll of summoning {unknown}
 g - a scroll of vulnerability {unknown}
 n - 2 scrolls of noise
 s - a scroll of immolation {unknown}
 t - 2 scrolls of enchant weapon {unknown}
 u - a scroll of blinking {unknown}
 x - 3 scrolls of teleportation {unknown}
 y - 2 scrolls of fog {unknown}
 J - a scroll of fear {unknown}
 K - a scroll of amnesia
Potions
 j - a potion of mutation
 k - 5 potions of brilliance
 l - a potion of attraction
 m - 5 potions of curing
 p - a potion of berserk rage
 q - 3 potions of haste
 r - a potion of flight
 C - 2 potions of might
 D - a potion of cancellation {unknown}
 E - 2 potions of heal wounds {unknown}
 F - 2 potions of resistance {unknown}
 I - a potion of ambrosia {unknown}


   Skills:
 - Level 5.0 Fighting
 - Level 2.6 Long Blades
 - Level 3.1 Armour
 + Level 4.0 Spellcasting
 + Level 3.1 Fire Magic
 - Level 3.0 Invocations
 * Level 1.5 Evocations


You had 10 spell levels left.
You knew the following spells:

 Your Spells              Type           Power      Damage    Failure   Level
a - Scorch                Fire           62%        2d7       3%          2
b - Passwall              Tmut/Erth      2%         N/A       12%         2

Your spell library contained the following spells:

 Spells                   Type           Power      Damage    Failure   Level
 Ensorcelled Hibernation  Hex/Ice        6%         N/A       12%         2
 Swiftness                Air            3%         N/A       22%         3
 Petrify                  Tmut/Erth      3%         N/A       56%         4
 Metabolic Englaciation   Hex/Ice        1%         N/A       88%         5
 Statue Form              Tmut/Erth      2%         N/A       100%        6


Dungeon Overview and Level Annotations

Branches:
Dungeon (5/15)              Sewer (visited)
 Temple: D:4-7

Altars:
Dithmenos
Okawaru
Yredelemnul

Shops:
D:1 *?!


Innate Abilities, Weirdness & Mutations

You have a moderately thin skeletal structure. (Dex +4, Stealth++)
Spells you cast may paralyse adjacent enemies.


Message History

Malevolent energies surge around you.
A nearby plant withers and dies.
The gnoll closely misses you.
Casting: Scorch (safe; 3% risk of failure)
Confirm with . or Enter, or press ? or * to list all spells.
You feel a strong surge of power!
Flames lash the gnoll.
The gnoll is burned terribly!
You kill the gnoll!
Malevolent energies surge around you.
The gnoll sergeant hits you from afar with a +0 trident of venom!
Your Spellcasting skill increases to level 4!
Casting: Scorch (safe; 3% risk of failure)
Confirm with . or Enter, or press ? or * to list all spells.
You feel a strong surge of power!
Flames lash the gnoll sergeant.
The gnoll sergeant is burned terribly!
The gnoll sergeant is severely wounded.
Malevolent energies surge around you. The gnoll sergeant barely misses you.
The gnoll throws a throwing net.
The throwing net hits you.
You become entangled in the net!
Unknown command.
Unknown command.
You struggle against the net.
The gnoll sergeant hits you from afar with a +0 trident of venom.
You struggle against the net.
The gnoll sergeant hits you but does no damage.
The gnoll hits you with a +0 whip.
The gnoll hits you with a +2 flail of protection.
The gnoll hits you with a +4 flail.
You struggle against the net.
The gnoll hits you with a +0 whip.
The gnoll sergeant hits you from afar with a +0 trident of venom.
You are poisoned.
The gnoll hits you with a +2 flail of protection.
The gnoll closely misses you.
You rip the net and break free!
You feel sick.
The gnoll sergeant hits you from afar with a +0 trident of venom!
* * * LOW HITPOINT WARNING * * *
The gnoll barely misses you.
The gnoll hits you with a +2 flail of protection.
* * * LOW HITPOINT WARNING * * *
The gnoll hits you with a +4 flail!
You die...

#.# ############# #.# #
#..†........# #.# .#
#.#########.# #.#####.#
#.#########.###.#.!...##
#.........#.##..#.......
###########.#.#.>.....PPPP
#................g...P..PP
#.#########.#..(@g).......
#.# ...#..#.gg..PP... #.#
##.....#.....P.... #.#
#.##.###..#...... #.# #.
#.. ...#..P..P #.# #.
######.##..... #.# #. #.#
##..# #.# #.. #.# #.#


You could see a gnoll sergeant (combustible) and 3 gnolls.

Vanquished Creatures
  Blork the orc (D:5)
  A bullfrog (D:5)
  A scorpion (D:4)
  A jelly (Sewer)
  An orc priest (D:5)
  A hound (D:5)
  2 iguanas
  An orc wizard (D:5)
  9 adders
  6 gnolls
  6 river rats
  A worm (D:3)
  9 orcs
  11 ball pythons
  13 endoplasms
  7 giant cockroaches
  6 goblins
  8 hobgoblins
  6 kobolds
  9 bats
  4 frilled lizards
  11 rats
115 creatures vanquished.

Notes
Turn   | Place    | Note
-------+----------+-------------------------------------------
     0 | D:1      | Nonny the Demonspawn Cinder Acolyte began the quest for the
                  | Orb.
     0 | D:1      | Reached XP level 1. HP: 18/18 MP: 2/2
   157 | D:1      | Reached skill level 1 in Invocations
   163 | D:1      | staff of fire
   245 | D:1      | Gained mutation: Spells you cast may paralyse adjacent
                  | enemies. [demonic ancestry]
   245 | D:1      | Reached XP level 2. HP: 24/24 MP: 3/3
   255 | D:1      | Learned a level 2 spell: Scorch
   273 | D:1      | Found Diag's Distillery.
   280 | D:1      | Bought a potion of curing for 36 gold pieces
   308 | D:1      | Found Cyuxtosch's General Store.
   324 | D:1      | Found Ozefach's Magic Scroll Shoppe.
   335 | D:1      | Bought a scroll of noise for 11 gold pieces
   669 | D:2      | Reached XP level 3. HP: 27/30 MP: 4/4
   842 | D:2      | Reached skill level 4 in Fighting
   842 | D:2      | Reached skill level 1 in Armour
   845 | D:2      | Reached XP level 4. HP: 23/37 MP: 5/5
  1208 | D:2      | Identified the +0 leather armour of Talataz {rN++ Slay+3}
  1577 | D:3      | fire dragon scales
  1606 | D:3      | Gained mutation: You have a somewhat thin skeletal
                  | structure. (Dex +2, Stealth+) [demonic ancestry]
  1606 | D:3      | Reached XP level 5. HP: 43/43 MP: 3/7
  1695 | D:3      | Found a glowing drain.
  1699 | Sewer    | Entered a sewer
  1868 | Sewer    | Gained mutation: You have a moderately thin skeletal
                  | structure. (Dex +4, Stealth++) [demonic ancestry]
  1868 | Sewer    | Reached XP level 6. HP: 50/50 MP: 4/8
  1878 | Sewer    | Found a viscous altar of Jiyva.
  1902 | Sewer    | Jiyva sewer. :)
  2075 | D:2      | D:3 uphatch viable for orbrun.
  2177 | D:3      | Found an iron altar of Okawaru.
  2587 | D:4      | Reached skill level 5 in Fighting
  2726 | D:4      | Found a basalt altar of Yredelemnul.
  3017 | D:4      | Found a shadowy altar of Dithmenos.
  3155 | D:5      | Entered Level 5 of the Dungeon
  3174 | D:5      | Learned a level 2 spell: Passwall
  3273 | D:5      | staff of earth
  3294 | D:5      | Reached skill level 1 in Evocations
  3294 | D:5      | Reached XP level 7. HP: 51/56 MP: 3/12
  3371 | D:5      | Noticed Blork the orc
  3378 | D:5      | Killed Blork the orc
  3459 | D:5      | Slain by a gnoll

Illustrated notes .. # ## .. #... .# ####.#.#.# ....(....# .:....... #.....# . #@## #....# .... #..#### #....# .....####....###....# .......†..##........# ....................# ....................# ......^#............## .......+.............#### .....#.#................. Turn 163 on D:1: staff of fire ## ##.. ####### #.. #.....## #.# .......## ##.## ........####...## ................# ................######## ........###.#.##........ ........#.......@....... †.)..................... ..........#............. .####............###.... ## #.........#.[# .... # ........[...# ... ## .....#..###.# ## ... ..<..#.^ #.# ... ...? Turn 1577 on D:3: fire dragon scales ####..# .~~.~#...#.~##†~.## ~.~...# ####.~##.##.~##~.~.# .~.~..# #~.~###~.~###.~.# ####### ~.~~ .∩###..~.# #~~~ .## #~..## #~~ ##~~## #.~## ##~.~# #.~.####~~~## #.@~~~†.~## ##~.~~~..# #.~.~#### #.~..# ##...# #._.# ##### Turn 1902 on Sewer: Jiyva sewer.

:) #.##.# #.# #.##.# #.#
#.##.# #.# ####.##.######.##
#...............#
#.##.##.#####.#.###
#.##.##.# #...#...##########
#.##.##.###.#####.#<........
#.##.##....@..#...#.#######.
#.##.##.#####.#.#.#.#### ##.
#.##.##................###..
#.##.##.#####.###.#.##......
#.##.##.## #.......#######.
#.##.#...####.##....####....
#.##.....................##.
#.####...##.#.##............
#.............###.#†########


Turn 2075 on D:2: D:3 uphatch viable for orbrun. ## . ##. ######### ...
........# #.# #######.# #># #.# #.# #.# #@# #(# #.# #.# #.# #.# #.# #.# #.# #.#
#.# #.########.# #..........# ############ Turn 3273 on D:5: staff of earth

Levels and vault maps discovered:
D:1:      dpeg_arrival_three_same_balls, layout_basic, serial_shops,
          nicolae_shop_industrial_runoff, shop, shop
D:2:      minmay_evil_eye, layout_loops_ring
D:3:      layout_rooms, okawaru_altar_gauntlet_db, lightli_sewer_entry_pipes,
          corexii_corridor_pit
D:4:      layout_loops_corners, overflow_temple_1_default,
          mainiacjoe_overflow_alcove_1, hangedman_abyss_or_decor_stabs,
          minmay_fractal_squares_gapless_5
D:5:      layout_basic, nemelex_dance_club_becter, minmay_temple_entry_tees,
          nicolae_grassy_gnolls, uniq_blork_the_orc

Skill      XL: |  1  2  3  4  5  6  7 |
---------------+----------------------+-----
Invocations    | 1 2 3 |  3.0
Fighting       | 4 5 |  5.0
Armour         | 1 2 3 |  3.1
Spellcasting   | 3 4 |  4.0
Evocations     | 1 |  1.5
Fire Magic     | 3 |  3.1
Long Blades    | |  2.6

Action                     |  1- 3 |  4- 6 |  7- 9 || total
---------------------------+-------+-------+-------++-------
  Melee: Falchion          |   100 |    41 |       ||   141
         Punch             |     2 |       |       ||     2
         Staff             |       |    97 |     6 ||   103
   Cast: Scorch            |       |    64 |    14 ||    78
 Invoke: Fiery Armour      |     1 |       |       ||     1
    Use: Scroll            |     2 |     8 |       ||    10
   Stab: Paralysed         |       |     9 |     1 ||    10
         Sleeping          |       |     2 |       ||     2
 Armour: Ring mail         |    72 |    17 |       ||    89
         Leather armour    |       |    51 |     4 ||    55
  Dodge: Dodged            |    72 |   102 |     8 ||   182
